 Dungeon Sprint DCSS version 0.26-a0-180-ge96aa7da28 (webtiles) character file.

Game seed: 16250492724526551516

20650 Apogee the Severer (level 12, -8/135 HPs)
             Began as a Deep Dwarf Fighter on July 3, 2020.
             Was the Champion of Makhleb.
             Killed from afar by a crystal guardian (19 damage)
             ... with a crystal bolt
             ... in the Dungeon (Sprint V: "Ziggurat Sprint").
             The game lasted 00:14:02 (729 turns).

Apogee the Severer (Deep Dwarf Fighter)              Turns: 729, Time: 00:14:03

Health: -8/135     AC: 32    Str: 37    XL:     12   Next: 47%
Magic:  20/20      EV:  4    Int: 13    God:    Makhleb [******]
Gold:   0          SH: 39    Dex: 15    Spells: 11/11 levels left

rFire    . . .     SeeInvis .   w - +5 broad axe (drain)
rCold    . . .     Faith    .   B - +18 shield of the Gong {rElec rN+ MR+ EV-5}
rNeg     + . .     Spirit   .   A - +15 Maxwell's patent armour {-Cast -Tele rElec MR+ rCorr}
rPois    .         Reflect  +   (no helmet)
rElec    +         Harm     .   (no cloak)
rCorr    +         NoTele   +   (no gloves)
MR       +++..     NoCast   +   (no boots)
Stlth    ..........             K - amulet of Weiptexe {Reflect Int+4 Dex+3 SH+5}
HPRegen  0.00/turn              E - +6 ring of strength
MPRegen  0.17/turn              F - +6 ring of strength

@: non-regenerating, studying 5 skills
A: damage resistance, heal wounds, sense surroundings 2, no regeneration
a: Heal Wounds, Minor Destruction, Lesser Servant of Makhleb, Major Destruction,
Greater Servant of Makhleb, Renounce Religion


You were in the Dungeon.
You worshipped Makhleb.
Makhleb was exalted by your worship.
You were not hungry.

You visited 1 branch

Inventory:

Hand Weapons
 w - a +5 broad axe of draining (weapon)
Missiles
 z - 19 silver javelins (quivered)
Armour
 c - the +1 robe of Pubaw {rPois rN+ Slay+2}
   (You took it off a merfolk aquamancer in the Dungeon)

   It affects your accuracy and damage with ranged weapons and melee attacks
   (+2).
   It protects you from poison.
   It protects you from negative energy.
 A - the +15 Maxwell's patent armour (worn) {-Cast -Tele rElec MR+ rCorr}
   (You found it in the Dungeon)

   It insulates you from electricity.
   It affects your resistance to hostile enchantments.
   It prevents spellcasting.
   It prevents most forms of teleportation.
   It provides partial protection from all sources of acid and corrosion.
 B - the +18 shield of the Gong (worn) {rElec rN+ MR+ EV-5}
   (You found it in the Dungeon)

   It affects your evasion (-5).
   It insulates you from electricity.
   It protects you from negative energy.
   It affects your resistance to hostile enchantments.
 M - the cursed +0 gold dragon scales of Jammepic {rPois rF+ rC+ rN+ MR+ Slay+3}
   (You found it in the Dungeon)

   It affects your accuracy and damage with ranged weapons and melee attacks
   (+3).
   It protects you from fire.
   It protects you from cold.
   It protects you from poison.
   It protects you from negative energy.
   It affects your resistance to hostile enchantments.
   It has a curse placed upon it.
Jewellery
 b - an uncursed ring of magical power
 o - the ring of Moodiness {Dex+6 Stlth+}
   (You found it in the Dungeon)

   [ring of stealth]

   It affects your dexterity (+6).
   It makes you more stealthy.
 x - the amulet of the Four Winds {rN+ MR+++ Clar}
   (You found it in the Dungeon)

   [amulet of nothing]

   It protects you from negative energy.
   It affects your resistance to hostile enchantments.
   It protects you against confusion.
 C - an uncursed ring of protection from fire
 E - a +6 ring of strength (left hand)
 F - a +6 ring of strength (right hand)
 K - the amulet of Weiptexe (around neck) {Reflect Int+4 Dex+3 SH+5}
   (You found it in the Dungeon)

   [amulet of reflection]

   It shields you and reflects attacks.
   It affects your intelligence (+4).
   It affects your dexterity (+3).
   It affects your SH (+5).
Wands
 G - a wand of disintegration (7)
 H - a wand of iceblast (3)
 I - a wand of acid (5)
Scrolls
 k - 4 scrolls of blinking {!r}
 q - 4 scrolls of amnesia
 r - 7 scrolls of fog
 s - a scroll of holy word
 t - 5 scrolls of identify
 u - 5 scrolls of remove curse
 v - 2 scrolls of fear
Potions
 d - 6 potions of might
 e - 10 potions of curing
 g - 10 potions of heal wounds
 h - 6 potions of haste
 i - 7 potions of magic
 j - 3 potions of berserk rage {!q}
 l - 2 potions of brilliance
 m - 2 potions of invisibility
 n - 4 potions of resistance
 p - 6 potions of stabbing
Books
 y - a manual of Maces & Flails
 D - a manual of Axes
 J - a manual of Shields
 N - a manual of Fighting
 P - a manual of Stealth
Miscellaneous
 L - 2 phantom mirrors
Comestibles
 a - 13 chunks of flesh
 f - 7 rations


   Skills:
 + Level 16.6 Fighting
 - Level 18.0 Axes
 + Level 16.1 Armour
 + Level 5.4 Stealth
 - Level 15.0 Shields
 - Level 15.4 Invocations


You had 11 spell levels left.
You didn't know any spells.
Your spell library contained the following spells:

 Spells                   Type           Power        Failure   Level  Hunger
 Infusion                 Chrm           #...         75%         1    ##.....
 Pain                     Necr           #...         75%         1    ##.....
 Sandblast                Erth           #.....       75%         1    ##.....
 Sting                    Tmut/Pois      #...         75%         1    ##.....
 Ensorcelled Hibernation  Hex/Ice        #.....       87%         2    ###....
 Passwall                 Tmut/Erth      #.......     87%         2    ###....
 Poisonous Vapours        Pois/Air       #.....       87%         2    ###....
 Shroud of Golubria       Chrm/Tloc      #.....       87%         2    ###....
 Sublimation of Blood     Necr           #.........   87%         2    ###....
 Swiftness                Chrm/Air       #.......     87%         2    ###....
 Ignite Poison            Fire/Tmut/Pois #.......     98%         3    ####...
 Mephitic Cloud           Conj/Pois/Air  #.......     98%         3    ####...
 Spectral Weapon          Hex/Chrm       #.......     98%         3    ####...
 Stone Arrow              Conj/Erth      #.....       98%         3    ####...
 Vampiric Draining        Necr           #.........   98%         3    ####...
 Airstrike                Air            #.........   100%        4    #####..
 Animate Dead             Necr           N/A          100%        4    #####..
 Hailstorm                Conj/Ice       #.......     100%        4    #####..
 Olgreb's Toxic Radiance  Pois           #.......     100%        4    #####..
 Passage of Golubria      Tloc           N/A          100%        4    #####..
 Petrify                  Tmut/Erth      #.......     100%        4    #####..
 Alistair's Intoxication  Tmut/Pois      #.......     100%        5    ######.
 Borgnjor's Vile Clutch   Necr/Erth      #.........   100%        5    ######.
 Irradiate                Conj/Tmut      #.........   100%        5    ######.
 Lee's Rapid Deconstruct  Erth           #.........   100%        5    ######.
 Silence                  Hex/Air        #.........   100%        5    ######.
 Conjure Ball Lightning   Conj/Air       #.........   100%        6    #######
 Darkness                 Hex            #.........   100%        6    #######
 Eringya's Noxious Bog    Tmut/Pois      #.........   100%        6    #######
 Freezing Cloud           Conj/Ice/Air   #.........   100%        6    #######
 Invisibility             Hex            #.......     100%        6    #######
 Shadow Creatures         Summ           N/A          100%        6    #######


Dungeon Overview and Level Annotations

Branches:
Dungeon (1/1)

Altars:
Ashenzari
Cheibriados
Dithmenos
Elyvilon
Fedhas
Gozag
Hepliaklqana
Kikubaaqudgha
Makhleb
Nemelex Xobeh
Okawaru
Qazlal
Ru
Sif Muna
Trog
Uskayaw
Vehumet
Wu Jian
Xom
Yredelemnul
Zin
The Shining One
Beogh
Jiyva
Lugonu


Innate Abilities, Weirdness & Mutations

You are resistant to damage.
You can heal yourself by infusing magical energy.
You passively map the area around you.
You do not regenerate.


Message History

The crystal bolt burns the crystal guardian.
The crystal guardian completely resists.
The crystal bolt burns you but does no damage.
The crystal bolt burns you.
An iron golem comes into view.
You block the crystal guardian's attack.
BONNNG!
You slash the stone giant!
You kill the stone giant!
Makhleb accepts your kill.
You feel better.
Your Armour skill increases to level 16!
Your Stealth skill gained 5 levels and is now at level 5!
You hit the crystal guardian but do no damage.
You slash the crystal guardian!
The crystal guardian fires a crystalline bolt at you.
The crystal bolt burns you!!
* * * LOW HITPOINT WARNING * * *
The crystal bolt burns you!!
You die... 8 , 8|[?

,.▓..(©.(..▓...©.
▓.....8.....▓▓▓▓▓▓▓▓▓▓▓▓▓▓▓
≈
,▓...........▓...8©8...▓..8©
≈
▓....8((....▓..=).)...▓...|
,
▓.......E...▓...=}....▓..))
≈
*..▓....(▓.8▓.........▓....
,, *
▓.▓..8▓8▓8▓.........▓....
▓..▓....C▓.8▓.........▓....
, ≈
▓.....©.88@.▓.....†.††▓....
* *
▓▓▓▓▓▓▓▓▓▓▓▓▓.▓.....▓.▓.▓..
▓.≈≈.8©8...≈▓....©..†.▓...©
≈▓..|}≈}[}≈.≈▓▓▓▓▓▓▓▓▓▓▓▓▓▓▓
, ≈,
▓...}|≈)≈.≈.▓...8©8...▓..8©
*
▓..≈...≈≈.≈.▓..}[.||..▓...)
,
▓.≈..≈.≈≈.≈.▓....|....▓.())
,
▓.≈.≈≈.÷..≈.▓.........▓.)..
, ,
▓...≈).))..≈▓.....†)))▓....


You could see 5 iron golems, a stone giant, 3 crystal guardians and an earth
elemental.

Vanquished Creatures
  A stone giant (D)
  A reaper (D)
  A black draconian (D)
  A merfolk javelineer (D)
  2 merfolk impalers (D)
  2 merfolk aquamancers (D)
  A hydra (D)
  A dancing weapon (D)
  A merfolk avatar (D)
  A deep elf knight (D)
  2 soul eaters (D)
  A deep elf archer (D)
  A deep elf mage (D)
  2 draconians (D)
  2 rust devils (D)
  A water nymph (D)
  A hellion (D)
  A cane toad (D)
  A komodo dragon (D)
  3 merfolk (D)
  2 hornets (D)
  2 hippogriffs (D)
  A water elemental (D)
  6 spriggans (D)
  A yak (D)
  A basilisk (D)
  A naga (D)
  A water moccasin (D)
  3 porcupines (D)
  2 phantoms (D)
  3 wolves (D)
  A necrophage (D)
  5 centaurs (D)
  A bullfrog (D)
  3 orc priests (D)
  3 iron imps (D)
  2 iguanas (D)
  3 adders (D)
  A spectral adder (D)
  An adder skeleton (D)
  An orc (D)
  A spectral bat (D)
  4 bat skeletons (D)
  A bat zombie (D)
  A ball python (D)
  A ball python zombie (D)
79 creatures vanquished.

Vanquished Creatures (collateral kills)
  A shadow dragon (D)
  A reaper (D)
  A soul eater (D)
  A hornet (D)
  A spriggan (D)
  A crocodile (D)
  A bullfrog (D)
  An adder zombie (D)
  A spectral bat (D)
  A jackal (D)
10 creatures vanquished.

Vanquished Creatures (others)
  A merfolk siren (D)
  A merfolk (D)
2 creatures vanquished.

Grand Total: 91 creatures vanquished

Notes
Turn   | Place    | Note
-------+----------+-------------------------------------------
     0 | D        | Apogee the Deep Dwarf Fighter began the quest for the Orb.
     0 | D        | Reached XP level 1. HP: 20/20 MP: 1/1
     0 | D        | Found a shimmering blue altar of Sif Muna.
     0 | D        | Found a sacrificial altar of Ru.
     0 | D        | Found a bloodstained altar of Trog.
     0 | D        | Found a stormy altar of Qazlal.
     0 | D        | Found an iron altar of Okawaru.
     0 | D        | Found a sparkling altar of Nemelex Xobeh.
     0 | D        | Found a blossoming altar of Fedhas.
     1 | D        | Found the +6 Majin-Bo {vamp, Archmagi MP+6 Int+6}
     1 | D        | Found the +7 great mace "Firestarter" {inner flame, rF++}
     2 | D        | Found a transporter.
     2 | D        | Found an ancient bone altar of Kikubaaqudgha.
     2 | D        | Found a viscous altar of Jiyva.
     2 | D        | Found a corrupted altar of Lugonu.
     2 | D        | Found a hazy altar of Hepliaklqana.
     2 | D        | Found a burning altar of Makhleb.
     2 | D        | Found an opulent altar of Gozag.
    16 | D        | Found the +9 heavy crossbow "Sniper" {vorpal, Acc+∞ SInv}
    16 | D        | Found the +10 dark maul {vorpal}
    16 | D        | Found the +15 Maxwell's patent armour {-Cast -Tele rElec
                  | MR+ rCorr}
    16 | D        | Found the +18 shield of the Gong {rElec rN+ MR+ EV-5}
    16 | D        | Found the cursed +14 obsidian axe {vorpal, +Fly SInv
                  | *Curse}
    18 | D        | Found the +6 shillelagh "Devastator" {shatter}
    18 | D        | Found the +11 plutonium sword {*Contam Stlth-}
    18 | D        | Found the +8 lance "Wyrmbane" {slay drac, rPois rF+ rC+
                  | AC+3}
    18 | D        | Found the +9 sword of Zonguldrok {reap}
    18 | D        | Found the cursed +13 scythe of Curses {drain, *Curse}
    18 | D        | Found the +0 sword of Power
    18 | D        | Found the +7 mace of Variability {chain chaos}
    18 | D        | Found the +7 Singing Sword {vorpal, sonic wave}
    18 | D        | Found the +8 storm bow {elec, penet}
    50 | D        | Became a worshipper of Makhleb the Destroyer
   105 | D        | Reached skill level 7 in Axes
   105 | D        | Reached skill level 5 in Armour
   105 | D        | Reached XP level 2. HP: 27/27 MP: 2/2
   106 | D        | Entered arena 2.
   106 | D        | Noticed a centaur
   106 | D        | Noticed a centaur
   106 | D        | Found a transporter.
   110 | D        | Killed a centaur
   110 | D        | Reached skill level 9 in Axes
   110 | D        | Reached XP level 3. HP: 36/36 MP: 3/3
   110 | D        | Reached XP level 4. HP: 44/44 MP: 4/4
   112 | D        | Killed a centaur
   112 | D        | Reached skill level 5 in Fighting
   112 | D        | Reached skill level 10 in Axes
   112 | D        | Reached XP level 5. HP: 52/52 MP: 5/5
   121 | D        | Entered arena 3.
   121 | D        | Noticed a draconian
   121 | D        | Noticed a black draconian
   121 | D        | Noticed a draconian
   121 | D        | Found a transporter.
   122 | D        | Found the amulet of the Four Winds {rN+ MR+++ Clar}
   133 | D        | Killed a black draconian
   133 | D        | Reached * piety under Makhleb
   133 | D        | Reached skill level 15 in Axes
   133 | D        | Reached XP level 6. HP: 58/69 MP: 6/6
   133 | D        | Reached XP level 7. HP: 64/76 MP: 7/7
   133 | D        | Reached XP level 8. HP: 71/85 MP: 8/8
   143 | D        | Killed a draconian
   144 | D        | Killed a draconian
   154 | D        | Got the +6 scale mail of Amorality {Str+4}
   261 | D        | Entered arena 4.
   261 | D        | Found a transporter.
   264 | D        | Reached ** piety under Makhleb
   275 | D        | Entered arena 5.
   275 | D        | Noticed a deep elf knight
   275 | D        | Noticed a deep elf mage
   275 | D        | Noticed a deep elf archer
   275 | D        | Noticed a +2 vorpal mace
   275 | D        | Found a transporter.
   279 | D        | Killed a +2 vorpal mace
   279 | D        | Reached *** piety under Makhleb
   279 | D        | Reached skill level 10 in Invocations
   279 | D        | Gained mutation: You passively map the area around you.
                  | [Deep Dwarf growth]
   279 | D        | Reached XP level 9. HP: 91/91 MP: 7/15
   283 | D        | Killed a deep elf mage
   284 | D        | Killed a deep elf knight
   299 | D        | Killed a deep elf archer
   299 | D        | Reached skill level 15 in Invocations
   299 | D        | Reached XP level 10. HP: 99/99 MP: 9/20
   320 | D        | Entered arena 6.
   320 | D        | Found a transporter.
   323 | D        | Reached **** piety under Makhleb
   335 | D        | Got the amulet of Weiptexe {Reflect Int+4 Dex+3 SH+5}
   361 | D        | Entered arena 7.
   365 | D        | Reached ***** piety under Makhleb
   373 | D        | Found a transporter.
   392 | D        | Got the cursed +0 gold dragon scales of Jammepic {rPois rF+
                  | rC+ rN+ MR+ Slay+3}
   394 | D        | Entered arena 8.
   395 | D        | Found a transporter.
   395 | D        | Reached skill level 10 in Shields
   400 | D        | Reached skill level 10 in Fighting
   400 | D        | Reached ****** piety under Makhleb
   419 | D        | Got the amulet of Rorpha {Inacc MP+9 Int+2}
   434 | D        | Entered arena 9.
   434 | D        | Noticed a six-headed hydra
   434 | D        | Noticed a cane toad
   435 | D        | Found the +8 arc blade {discharge, rElec}
   442 | D        | Found a transporter.
   447 | D        | Killed a ten-headed hydra
   452 | D        | Killed a cane toad
   458 | D        | Got the Tome of Poisonous Enhancements
   462 | D        | Entered arena 10.
   462 | D        | Noticed a spriggan rider
   462 | D        | Noticed a spriggan rider
   462 | D        | Noticed a spriggan rider
   463 | D        | Found a transporter.
   477 | D        | Killed a spriggan rider
   477 | D        | Reached skill level 15 in Shields
   477 | D        | Reached skill level 10 in Armour
   477 | D        | Reached XP level 11. HP: 114/114 MP: 21/21
   488 | D        | Got the Disquisition on Damaging Augmentations
   491 | D        | Got the ring of Moodiness {Dex+6 Stlth+}
   496 | D        | Entered arena 11.
   497 | D        | Found a transporter.
   504 | D        | Reached skill level 16 in Axes
   515 | D        | Entered arena 12.
   515 | D        | Noticed a reaper
   515 | D        | Noticed a reaper
   517 | D        | Found the +3 robe of Clouds {+Thunder rCloud rElec}
   517 | D        | Found a transporter.
   533 | D        | Killed a reaper
   533 | D        | Reached skill level 17 in Axes
   534 | D        | Killed a reaper
   534 | D        | Reached skill level 18 in Axes
   558 | D        | Entered arena 13.
   558 | D        | Noticed a soul eater
   558 | D        | Noticed a shadow dragon
   558 | D        | Noticed a soul eater
   558 | D        | Noticed a soul eater
   562 | D        | Found a transporter.
   569 | D        | Killed a soul eater
   572 | D        | Killed a soul eater
   577 | D        | Killed a soul eater
   579 | D        | Killed a shadow dragon
   611 | D        | Entered arena 14.
   613 | D        | Noticed a merfolk avatar
   613 | D        | Noticed a merfolk impaler
   613 | D        | Noticed a merfolk aquamancer
   614 | D        | Noticed a merfolk impaler
   615 | D        | Noticed a merfolk javelineer
   617 | D        | Identified the +1 robe of Pubaw {rPois rN+ Slay+2}
   617 | D        | Noticed a merfolk aquamancer
   627 | D        | Reached XP level 12. HP: 106/127 MP: 21/21
   627 | D        | Killed a merfolk aquamancer
   628 | D        | Found a transporter.
   630 | D        | Killed a merfolk aquamancer
   632 | D        | Killed a merfolk impaler
   632 | D        | Reached skill level 15 in Fighting
   632 | D        | Reached skill level 15 in Armour
   634 | D        | Killed a merfolk avatar
   642 | D        | Killed a merfolk javelineer
   647 | D        | Killed a merfolk impaler
   679 | D        | Got the Catalogue of Aerial Darkness
   713 | D        | Entered arena 15.
   717 | D        | Noticed a crystal guardian
   717 | D        | Noticed a stone giant
   717 | D        | Noticed a stone giant
   717 | D        | Noticed a crystal guardian
   717 | D        | Noticed a crystal guardian
   729 | D        | Killed a stone giant
   729 | D        | Reached skill level 5 in Stealth
   729 | D        | Killed from afar by a crystal guardian

Illustrated notes

Levels and vault maps discovered:
D:        sprint_v [room_start, room_1, room_2, room_3, room_4, room_5, room_6,
          room_7, room_8, room_9, room_10, room_11, room_12, room_13, room_14,
          room_15, room_16, room_17, room_18, room_19, room_20, room_21,
          room_22, room_23, room_24, room_25, room_26, room_27]

Skill      XL: |  1  2  3  4  5  6  7  8  9 10 11 12 |
---------------+-------------------------------------+-----
Axes           | 7 9 10 15 18 | 18.0
Armour         | 5 9 10 14 16 | 16.1
Fighting       | 4 5 9 12 13 16 | 16.6
Shields        | 8 15 | 15.0
Invocations    | 10 15 | 15.4
Stealth        | 5 |  5.4

Action                   |  1- 3 |  4- 6 |  7- 9 | 10-12 || total
-------------------------+-------+-------+-------+-------++-------
Melee: Broad axe         |     2 |    10 |    33 |   121 ||   166
Invok: Greater Servant o |       |       |       |     2 ||     2
 Abil: Heal Wounds       |       |       |     1 |     7 ||     8
Evoke: Wand              |       |       |       |     6 ||     6
  Use: Potion            |     1 |       |       |       ||     1
       Scroll            |       |       |       |     1 ||     1
 Stab: Distracted        |       |       |       |     1 ||     1
       Confused          |       |       |       |     1 ||     1
Armor: Plate armour      |     3 |     6 |     1 |    61 ||    71
Dodge: Dodged            |       |       |       |     9 ||     9
Block: Kite shield       |     8 |    12 |    35 |   217 ||   272
       Reflection        |       |       |       |    14 ||    14

Table legend:
 A = Non-vault XP
 B = Vault XP
 C = Vault XP percentage of total XP
 D = Non-vault monster count
 E = Vault monster count
 F = Vault count percentage of total count
                 A         B        C        D         E       F
            +---------+---------+-------+---------+---------+-------
      Total |     697 |   28792 |  97.6 |       3 |      88 |  96.7
            +---------+---------+-------+---------+---------+-------
          D |     697 |   28792 |  97.6 |       3 |      88 |  96.7
            +---------+---------+-------+---------+---------+-------
